 Dungeon Crawl Stone Soup version 0.30-a0-596-g0af90f9a20 (webtiles) character file.

Game seed: 960921653871911269

5030 spardeous the Nimble (level 10, -4/46 HPs)
             Began as a Felid Earth Elementalist on Jan 7, 2023.
             Was an Initiate of Gozag.
             Slain by a wolf (9 damage)
             ... on level 2 of the Lair of Beasts.
             The game lasted 00:33:31 (18273 turns).

spardeous the Nimble (Felid Earth Elementalist)    Turns: 18273, Time: 00:33:32

Health: -4/46      AC:  2    Str:  4    XL:     10   Next: 30%
Magic:  21/21      EV: 25    Int: 21    God:    Gozag
Gold:   2423       SH:  0    Dex: 17    Spells: 14/23 levels left
                                        Lives:  0   Deaths: 2

rFire   . . .      SeeInvis +    (weapon unavailable)
rCold   . . .      Faith    .    (shield unavailable)
rNeg    . . .      Spirit   .    (body armour unavailable)
rPois   .          Reflect  .    (helmet unavailable)
rElec   .          Harm     .    (cloak unavailable)
rCorr   .          Rampage  .    (gloves unavailable)
Will    +....                    (boots unavailable)
Stlth   ++                       w - amulet of regeneration
HPRegen 1.07/turn                j - ring of wizardry
MPRegen 0.17/turn                u - ring of wizardry

@: quick
A: very small, claws 1, fangs 3, see invisible, speed 1, shaggy fur 2, stealthy
paws, no weapons or thrown items, no armour, multi-lived
a: Renounce Religion, Potion Petition, Call Merchant, Bribe Branch


You were on level 2 of the Lair of Beasts.
You worshipped Gozag.
Gozag was most pleased with you.
You visited 3 branches of the dungeon, and saw 14 of its levels.

You collected 2503 gold pieces.
You paid 80 gold pieces to Gozag.

Inventory:

Jewellery
 j - a ring of wizardry (left paw)
 u - a ring of wizardry (right paw)
 w - an amulet of regeneration (around neck)
 y - a ring of positive energy
 E - a ring of willpower
 G - an amulet of guardian spirit
Wands
 m - a wand of iceblast (12)
 A - a wand of quicksilver (10)
Scrolls
 b - 8 scrolls of identify
 c - a scroll of silence {unknown}
 d - 5 scrolls of fear {unknown}
 e - 3 scrolls of enchant weapon {unknown}
 f - 3 scrolls of magic mapping {unknown}
 g - 5 scrolls of teleportation
 h - 2 scrolls of blinking {unknown}
 l - 4 scrolls of immolation
 r - 4 scrolls of enchant armour {unknown}
 s - 6 scrolls of fog {unknown}
 v - 2 scrolls of torment {unknown}
 B - 2 scrolls of vulnerability {unknown}
 F - a scroll of amnesia {unknown}
 H - a scroll of noise {unknown}
Potions
 a - a potion of magic
 i - 12 potions of curing
 k - 5 potions of degeneration {unknown}
 n - 2 potions of heal wounds {unknown}
 o - a potion of mutation {unknown}
 p - 2 potions of might {unknown}
 q - 2 potions of lignification {unknown}
 t - 2 potions of invisibility {unknown}
 x - a potion of cancellation {unknown}
 z - 2 potions of ambrosia {unknown}
 C - 2 potions of flight {unknown}
 D - 2 potions of haste {unknown}


   Skills:
 - Level 6.7 Fighting
 - Level 12.0 Dodging
 - Level 2.6 Stealth
 - Level 7.0 Spellcasting
 + Level 11.2 Conjurations
 - Level 1.1 Transmutations
 - Level 8.7 Earth Magic


You had 14 spell levels left.
You knew the following spells:

 Your Spells              Type           Power      Damage    Failure   Level
a - Sandblast             Erth           88%        2d18      1%          1
b - Stone Arrow           Conj/Erth      98%        3d13      1%          3
c - Petrify               Tmut/Erth      28%        N/A       3%          4
d - Slow                  Hex            28%        N/A       2%          1

Your spell library contained the following spells:

 Spells                   Type           Power      Damage    Failure   Level
 Passwall                 Tmut/Erth      23%        N/A       1%          2
 Mephitic Cloud           Conj/Pois/Air  23%        N/A       1%          3
 Flame Wave               Conj/Fire      30%        2d9       2%          4
 Sticky Flame             Conj/Fire      30%        2d5       2%          4
 Cigotuvi's Dreadful Rot  Necr/Pois/Air  14%        N/A       3%          2
 Poisonous Vapours        Pois/Air       14%        N/A       3%          2
 Confusing Touch          Hex            7%         N/A       7%          3
 Inner Flame              Hex/Fire       7%         N/A       7%          3
 Vampiric Draining        Necr           7%         2d6       7%          3
 Lightning Bolt           Conj/Air       15%        1d29      7%          5
 Airstrike                Air            3%         2d(1-17)  22%         4
 Summon Lightning Spire   Summ/Air       7%         N/A       22%         4


Dungeon Overview and Level Annotations

Branches:
Dungeon (11/15)            Temple (1/1) D:5            Lair (2/5) D:9
  Swamp (0/4) Lair:2          Orc (0/2) D:11
  Snake: Lair:2-3    Spider: Lair:2-3

Altars:
Ashenzari
Cheibriados
Dithmenos
Elyvilon
Fedhas
Gozag
Hepliaklqana
Kikubaaqudgha
Makhleb
Nemelex Xobeh
Okawaru
Qazlal
Ru
Sif Muna
Trog
Uskayaw
Vehumet
Wu Jian
Xom
Yredelemnul
Zin
The Shining One

Annotations:
D:9 Gastronok


Innate Abilities, Weirdness & Mutations

You have sharp claws.
You have razor-sharp teeth.
You have supernaturally acute eyesight. (SInv)
You cover ground quickly. (Speed+)
You are covered in thick fur. (AC +2)
Your paws help you pounce on unaware monsters.
You are incapable of wielding weapons or throwing items.
You cannot wear armour.
You gain extra lives every three experience levels.


Message History

The dream sheep bites you.
You wake up.
The yak completely misses you.
Being near the torpor snail leaves you feeling lethargic.
The wolf completely misses you. The wolf bites you. The wolf barely misses you.
The wolf completely misses you. The wolf barely misses you.
The wolf misses you. x2
The yak attacks as you move away! The yak misses you.
The wolf attacks as you move away! The wolf barely misses you. x2
The wolf misses you. The wolf barely misses you.
The dream sheep ruffle their wool and motes of dream dust sparkle, to no effect.
The wolf completely misses you. The yak attacks as you move away!
The yak gores you!
The dream sheep shake their wool and sparkle.
You feel drowsy...
You fall asleep.
The wolf bites you.
You wake up.
There is an escape hatch in the floor here.
The yak attacks as you move away! The yak gores you!
* * * LOW HITPOINT WARNING * * *
The wolf closely misses you. The yak attacks as you move away!
The yak gores you!
* * * LOW HITPOINT WARNING * * *
The wolf attacks as you move away! The wolf completely misses you.
You feel yourself speed up. The wolf misses you. The wolf bites you.
* * * LOW HITPOINT WARNING * * *
Being near the torpor snail leaves you feeling lethargic.
The yak attacks as you move away! The yak completely misses you.
The wolf attacks as you move away! The wolf closely misses you.
You feel yourself speed up. The wolf completely misses you.
The wolf barely misses you. The wolf attacks as you move away!
The wolf barely misses you. The wolf misses you.
The wolf attacks as you move away! The wolf completely misses you.
The wolf attacks as you move away! The wolf completely misses you.
The wolf bites you but does no damage. The wolf attacks as you move away!
The wolf misses you. The wolf attacks as you move away!
The wolf completely misses you. The wolf attacks as you move away!
The wolf bites you!
You die...
Your body crumbles into a pile of gold.

.....##.##..<## #..# #...#......
.....##..#....# ##..##.#.........
.....##.......# #...####.........
..#####.......# ##..# #P...<#...
..##.........####...# #.....##..
..##...............## ##....#...
..####...####......### #..#.....
.P#≈≈≈~~~≈≈##........####.......#
.#####...#####Y.@..............#.
># ##.###....hh.......##.......
.# ###.....YY#.......##....... $#
##...#Y..................# ##
#...YY.....##............. #
#..?Y...P......?..?...#..#
##..>....####.P##P##.###...
##.)..Y.### #...###### #S.
#.......# .# $


You could see 5 yaks, 2 wolves and 3 dream sheep.

Vanquished Creatures
  Harold (D:9)
  2 hydras (Lair:2)
  A cyclops (D:11)
  An ugly thing (D:11)
  A manticore (D:11)
  5 cane toads
  2 unseen horrors
  The ghost of CowFu the Gusty, a novice GnWn (D:5)
  Maggie (D:9)
  2 komodo dragons
  A rime drake (Lair:2)
  A troll (D:9)
  Grinder (D:3)
  2 dream sheep (Lair:2)
  4 blink frogs (Lair:2)
  3 wraiths
  A vampire (D:10)
  18 yaks
  2 wyverns
  2 steam dragons (D:7)
  A basilisk (Lair:1)
  Edmund (D:6)
  A swamp worm (Lair:2)
  2 wargs (D:9)
  7 water moccasins
  2 orc warriors
  A sky beast (D:8)
  A black bear (D:8)
  3 ogres (D:5)
  8 centaurs
  A wolf (Lair:2)
  2 phantoms
  A kobold brigand (D:6)
  8 bullfrogs
  2 necrophages (D:5)
  2 gnoll sergeants
  5 scorpions
  4 wights (D:8)
  6 killer bees (D:9)
  4 howler monkeys
  2 electric eels
  A gnoll bouda (D:7)
  6 orc priests
  6 hounds
  A jelly (D:5)
  Crazy Yiuf (D:3)
  4 iguanas
  9 orc wizards
  24 gnolls
  9 adders
  A shadow imp (D:5)
  2 white imps (D:5)
  An ufetubus (D:5)
  3 worms
  A dart slug (D:5)
  31 orcs
  5 endoplasms
  3 giant cockroaches
  8 goblins
  9 hobgoblins
  2 jackals (D:2)
  9 quokkas
  5 ball pythons
  5 bats
  4 frilled lizards
  10 kobolds
  7 rats
283 creatures vanquished.

Vanquished Creatures (others)
  2 fungi (Lair:2)
  A plant (Lair:1)
3 creatures vanquished.

Grand Total: 286 creatures vanquished

Notes
Turn   | Place    | Note
-------+----------+-------------------------------------------
     0 | D:1      | spardeous the Felid Earth Elementalist began the quest for
                  | the Orb.
     0 | D:1      | Reached XP level 1. HP: 7/7 MP: 4/4
    92 | D:1      | Reached skill level 3 in Dodging
   120 | D:1      | Reached XP level 2. HP: 11/11 MP: 0/6
   720 | D:2      | Reached XP level 3. HP: 14/14 MP: 3/7
   822 | D:2      | Reached skill level 4 in Dodging
  1058 | D:3      | Reached XP level 4. HP: 18/18 MP: 1/8
  1224 | D:3      | Found a sparkling altar of Nemelex Xobeh.
  1424 | D:4      | Reached skill level 5 in Dodging
  1683 | D:4      | Reached XP level 5. HP: 21/21 MP: 5/9
  2089 | D:4      | Found a hazy altar of Hepliaklqana.
  2235 | D:5      | Entered Level 5 of the Dungeon
  2249 | D:5      | Found a staircase to the Ecumenical Temple.
  2307 | Temple   | Entered the Ecumenical Temple
  2419 | Temple   | Became a worshipper of Gozag Ym Sagoz the Greedy
  2439 | D:5      | Found a transporter.
  2442 | D:5      | Found a transporter.
  2442 | D:5      | Noticed CowFu's ghost (novice GnWn)
  2517 | D:3      | Reached skill level 6 in Dodging
  2533 | D:3      | Noticed Grinder
  2579 | D:3      | Paralysed by Grinder for 2 turns
  2590 | D:3      | Paralysed by Grinder for 3 turns
  2594 | D:3      | Killed Grinder
  2595 | D:3      | Reached skill level 5 in Earth Magic
  2595 | D:3      | Gained mutation: You are covered in thick fur. (AC +2)
                  | [Felid growth]
  2595 | D:3      | Reached XP level 6. HP: 9/24 MP: 1/10
  2714 | D:3      | Reached skill level 7 in Dodging
  3078 | D:3      | Found a broken altar of Ashenzari.
  3413 | D:3      | Found a runed translucent door.
  3414 | D:3      | Noticed Crazy Yiuf
  3467 | D:3      | Killed Crazy Yiuf
  4585 | D:5      | Reached XP level 7. HP: 27/27 MP: 5/11
  4867 | D:5      | Reached skill level 8 in Dodging
  5047 | D:5      | Reached skill level 1 in Fighting
  5318 | D:5      | Reached XP level 8. HP: 27/33 MP: 5/12
  5681 | D:5      | Reached skill level 9 in Dodging
  6397 | D:6      | Reached skill level 10 in Dodging
  6424 | D:6      | Noticed Edmund
  7324 | D:6      | Killed Edmund
  7325 | D:6      | Reached XP level 9. HP: 39/39 MP: 10/13
  7655 | D:6      | Found a stormy altar of Qazlal.
  7655 | D:6      | Found an ornate altar of the Wu Jian Council.
  7662 | D:6      | Found a faded altar of an unknown god.
  7664 | D:6      | Found a shimmering altar of Xom.
  7666 | D:6      | Found a basalt altar of Yredelemnul.
  7996 | D:7      | Learned a level 3 spell: Stone Arrow
  8001 | D:7      | Learned a level 4 spell: Petrify
  8019 | D:7      | Reached skill level 5 in Fighting
  8380 | D:7      | Reached skill level 11 in Dodging
  9621 | D:8      | Identified the +4 spear of Defence by Offence {drain,
                  | Str+3}
 10317 | D:8      | Found a blossoming altar of Fedhas.
 10319 | D:8      | Found a white marble altar of Elyvilon.
 10514 | D:8      | Learned a level 1 spell: Slow
 10595 | D:9      | Noticed Maggie
 10601 | D:9      | Noticed Gastronok
 10606 | D:9      | Killed Maggie
 10607 | D:9      | Reached skill level 1 in Conjurations
 10607 | D:9      | Reached XP level 10. HP: 43/46 MP: 10/14
 10926 | D:9      | Noticed Harold
 11127 | D:9      | Reached skill level 12 in Dodging
 11973 | D:9      | Found a staircase to the Lair.
 12852 | D:10     | Entered Level 10 of the Dungeon
 12861 | D:9      | Reached skill level 5 in Spellcasting
 14441 | D:11     | Noticed a cyclops
 14446 | D:11     | Killed a cyclops
 14447 | D:11     | Reached XP level 11. HP: 49/49 MP: 9/22
 14532 | D:11     | Found a staircase to the Orcish Mines.
 14626 | D:11     | Reached skill level 5 in Conjurations
 15088 | D:11     | Noticed a brown ugly thing
 15102 | D:11     | Killed a brown ugly thing
 15664 | D:9      | Killed Harold
 15964 | D:9      | HP: 1/49 [Gastronok/the air (48)]
 16084 | Lair:1   | Entered Level 1 of the Lair of Beasts
 16238 | D:5      | Killed CowFu's ghost
 17876 | Lair:2   | Noticed a seven-headed hydra
 17909 | Lair:2   | Killed a seven-headed hydra
 17910 | Lair:2   | Reached skill level 10 in Conjurations
 17911 | Lair:2   | Slain by a swamp worm
 17912 | Lair:2   | Reached XP level 10. HP: -1/46 MP: 7/21
 17929 | Lair:2   | Reached XP level 11. HP: 26/49 MP: 12/22
 18005 | Lair:2   | Noticed a five-headed hydra
 18050 | Lair:2   | Killed a five-headed hydra
 18089 | Lair:2   | Found a staircase to the Swamp.
 18257 | Lair:2   | Slain by a dream sheep
 18258 | Lair:2   | Reached XP level 10. HP: 0/46 MP: 13/21
 18258 | Lair:2   | Noticed a torpor snail
 18268 | Lair:2   | HP: 2/46 [yak[a torpor snail] (11)]
 18273 | Lair:2   | Slain by a wolf

Illustrated notes

Levels and vault maps discovered:
D:1:      lightli_arrival_windingriver, layout_basic
D:2:      layout_basic
D:3:      layout_basic, ashenzari_conservatory_becter, old_standard_altar,
          uniq_crazy_yiuf_cottage, uniq_grinder
D:4:      layout_loops_cross, nicolae_hepliaklqana_hippocampus
D:5:      layout_basic, minmay_temple_entry_drinking_statues,
          gammafunk_ghost_arena, minivault_5, nrook_mini_vaults,
          minmay_joined_circles
D:6:      layout_basic, chequers_temple_overflow_minitemple, uniq_edmund
D:7:      layout_basic, mrwooster_statue_mirror
D:8:      layout_basic, nicolae_overflow_squiral, minivault_24
D:9:      layout_basic, erik_lair_orcish_takeover, uniq_harold, uniq_gastronok,
          uniq_maggie
D:10:     layout_basic
D:11:     layout_cave_pods, orc_0_dummy
Temple:   cyrus_circular_temple
Lair:1:   layout_cave_pods, st_stairs_9, minivault_26
Lair:2:   layout_misc_corridors, palyth_hydra_swamp_entry,
          minmay_snake_entry_six_corridors, enter_volcano_3,
          gammafunk_ghost_grave, chequers_serial_rivers_micro_a,
          chequers_serial_rivers_micro_d

Skill      XL: |  1  2  3  4  5  6  7  8  9 10 11 |
---------------+----------------------------------+-----
Dodging        | 3 4 5 6 7 8 10 11 12 | 12.0
Earth Magic    | 3 4 5 6 7 8 |  8.7
Fighting       | 2 4 6 |  6.7
Conjurations   | 1 4 11 | 11.2
Spellcasting   | 7 |  7.0
Stealth        | |  2.6
Transmutations | |  1.1

Action                   |  1- 3 |  4- 6 |  7- 9 | 10-12 || total
-------------------------+-------+-------+-------+-------++-------
Melee: Unarmed           |     3 |       |     1 |    15 ||    19
       Bite              |     1 |       |     1 |     2 ||     4
 Cast: Sandblast         |    54 |   102 |   237 |   203 ||   596
       Stone Arrow       |       |       |    25 |   103 ||   128
       Petrify           |       |       |       |    24 ||    24
  Use: Potion            |       |       |     1 |       ||     1
       Scroll            |       |       |       |     2 ||     2
 Stab: Petrified         |       |       |       |     5 ||     5
Armor: Skin              |       |     1 |     1 |     1 ||     3
Dodge: Dodged            |    14 |    39 |   177 |   248 ||   478

Table legend: (Time is in decaauts)
 A = Elapsed time spent in this place.
 B = Non-inter-level travel time spent in this place.
 C = Inter-level travel time spent in this place.
 D = Time resting spent in this place.
 E = Time spent auto-exploring this place.
 F = Levels seen in this place.
 G = Mean time per level.
                   A        B        C        D        E       F      G
               +--------+--------+--------+--------+--------+-----+--------+
         Total |  16474 |  14835 |   1639 |   1667 |  10021 |  14 | 1176.7 |
       Dungeon |  14751 |  13290 |   1461 |   1667 |   9049 |  11 | 1341.0 |
        Temple |    109 |     83 |     26 |      0 |     74 |   1 |  109.0 |
          Lair |   1613 |   1463 |    150 |      0 |    897 |   2 |  806.5 |
               +--------+--------+--------+--------+--------+-----+--------+

Top non-repeatable levels by time:
     D:5: 2211 daAuts
     D:8: 2069 daAuts
     D:9: 1954 daAuts
    D:10: 1357 daAuts
     D:3: 1292 daAuts
     D:6: 1096 daAuts
     D:7: 1085 daAuts
    D:11: 1073 daAuts
  Lair:1: 1061 daAuts
     D:1: 897 daAuts
     D:4: 884 daAuts
     D:2: 828 daAuts
  Lair:2: 552 daAuts
  Temple: 109 daAuts
